 Dungeon Crawl Stone Soup version 0.21.1-1-g345015fe64 (webtiles) character file.

887 Gargoyl the Chopper (level 7, -6/59 HPs)
             Began as a Centaur Abyssal Knight on May 14, 2018.
             Was a Priest of Lugonu.
             Engulfed by a cloud of freezing vapour (18 damage)
             ... on level 6 of the Dungeon.
             The game lasted 00:08:39 (6448 turns).

Gargoyl the Chopper (Centaur Abyssal Knight)        Turns: 6448, Time: 00:08:40

Health: -6/59      AC: 13    Str: 15    XL:     7   Next: 77%
Magic:  0/10       EV:  4    Int: 16    God:    Lugonu [***...]
Gold:   203        SH:  0    Dex: 10    Spells: 6/6 levels left

rFire    . . .     SeeInvis .   u - +2 spear (venom)
rCold    . . .     Gourm    .   (no shield)
rNeg     . . .     Faith    .   d - +1 chain mail
rPois    .         Spirit   +   (no helmet)
rElec    .         Reflect  .   r - +1 cloak
rCorr    .         Harm     .   g - +1 pair of gloves
MR       .....                  (no barding)
Stlth    ..........             e - amulet of guardian spirit
HPRegen  0.19/turn              j - +5 ring of intelligence
MPRegen  0.12/turn              (no ring)

@: very quick
A: large, hooves 3, deformed body, speed 2, tough skin 3
a: Depart the Abyss, Bend Space, Banish, Renounce Religion


You were on level 6 of the Dungeon.
You worshipped Lugonu.
Lugonu was most pleased with you.
You were not hungry.

You visited 1 branch of the dungeon, and saw 6 of its levels.
You visited the Abyss 1 time.

You collected 203 gold pieces.

Inventory:

Hand Weapons
 a - a +2 hand axe
 k - a +0 war axe
 u - a +2 spear of venom (weapon)
Missiles
 b - 3 tomahawks (quivered)
Armour
 d - a +1 chain mail (worn)
 g - a +1 pair of gloves (worn)
 r - a +1 cloak (worn)
Jewellery
 e - an amulet of guardian spirit (around neck)
 j - a +5 ring of intelligence (left hand)
Wands
 l - a wand of iceblast (9)
Scrolls
 f - 4 scrolls of identify
 h - 3 scrolls of teleportation
 s - a scroll of amnesia
Potions
 i - 2 potions of curing
 m - a potion of lignification
 o - a potion of flight
 p - a potion of brilliance
Books
 n - a book of Misfortune

   Spells                             Type                      Level
   a - Confusing Touch                Hexes                        1
   b - Confuse                        Hexes                        3
   c - Gell's Gravitas                Translocation                3
   d - Petrify                        Transmutation/Earth          4
   e - Metabolic Englaciation         Hexes/Ice                    5
   f - Yara's Violent Unravelling     Hexes/Transmutation          5
 q - a book of Geomancy

   Spells                             Type                      Level
   a - Sandblast                      Earth                        1
   b - Passwall                       Transmutation/Earth          2
   c - Stone Arrow                    Conjuration/Earth            3
   d - Petrify                        Transmutation/Earth          4
   e - Lee's Rapid Deconstruction     Earth                        5
Comestibles
 c - 8 rations


   Skills:
 + Level 4.1 Fighting
 + Level 4.9 Axes
 * Level 4.3 Armour
 + Level 1.0 Dodging
 * Level 4.3 Invocations


You had 6 spell levels left.
You didn't know any spells.

Dungeon Overview and Level Annotations

Branches:
Dungeon (6/15)             Temple (0/1) D:5

Altars:
Ashenzari
Cheibriados
Elyvilon
Fedhas
Makhleb
Ru
Sif Muna


Innate Abilities, Weirdness & Mutations

You have hooves in place of feet.
Armour fits poorly on your strangely shaped body.
You cover ground very quickly.
You have extremely tough skin. (AC +3)


Message History

Lugonu accepts your kill.
You feel sick.
You are no longer poisoned.
You start resting.
Eating a chunk of flesh.
You eat the chunk of flesh.
This raw flesh tastes terrible.
HP restored.
Things that are here:
a leather armour x2
You open the door.
Really walk into a travel-excluded area?
Found a stone staircase leading down.
There is an open door here.
You are engulfed in freezing vapours.
You are engulfed in freezing vapours.
You are engulfed in freezing vapours.
* * * LOW HITPOINT WARNING * * *
You are engulfed in freezing vapours.
* * * LOW HITPOINT WARNING * * *
You feel better.
You are engulfed in freezing vapours.
You die...

#........#[.8.#?#......
#........#..#§#=#......#
#........#..#§#)#......#
#........#..#§#§#...#
#...........#§#§##..#
............#§#§#..>.
.....(......#§#§#####
......#§#§#....
......#@#§#.###
.....##§#§#.#
.....##§#§#.#
.....##§#§#.# ....
##§#§#.# ### ##§#§#5#
##§#§#.. ##§#§####


You could see a shadow imp.

Vanquished Creatures
  A necrophage (D:6)
  A water moccasin skeleton (D:5)
  A scorpion (D:5)
  A centaur zombie (D:6)
  A crimson imp (D:6)
  2 bullfrog zombies (D:5)
  2 orc priests
  A jelly (D:5)
  A hound (D:3)
  2 orc wizards
  3 bullfrog skeletons (D:5)
  An iguana (D:5)
  A worker ant (D:6)
  2 hound skeletons
  3 worker ant zombies (D:5)
  3 gnolls (D:6)
  7 adders
  A shadow imp (D:4)
  2 oozes
  3 adder zombies (D:5)
  3 dart slugs (D:1)
  4 leopard geckos
  14 orcs
  5 bats
  8 giant cockroaches
  4 hobgoblins
  2 jackals (D:2)
  3 ball pythons
  3 frilled lizards
  A giant cockroach zombie (D:5)
  5 goblins
  3 kobolds
  A leopard gecko zombie (D:5)
  A quokka zombie (D:5)
  7 rats
103 creatures vanquished.

Notes
Turn   | Place    | Note
-------+----------+-------------------------------------------
     0 | Abyss:1  | Gargoyl the Centaur Abyssal Knight began the quest for the Orb.
     0 | Abyss:1  | Reached XP level 1. HP: 19/19 MP: 2/2
    67 | Abyss:1  | Found a blossoming altar of Fedhas.
    69 | Abyss:1  | Noticed a wretched star
    70 | D:1      | Escaped the Abyss
   145 | D:1      | Reached XP level 2. HP: 20/26 MP: 3/3
   243 | D:1      | Reached * piety under Lugonu
   793 | D:1      | Reached XP level 3. HP: 31/31 MP: 4/4
  1217 | D:2      | You fall through a shaft!
  1580 | D:3      | Reached XP level 4. HP: 10/38 MP: 5/5
  2555 | D:2      | Found a white marble altar of Elyvilon.
  2854 | D:2      | Found a snail-covered altar of Cheibriados.
  3227 | D:2      | Found a sacrificial altar of Ru.
  3227 | D:2      | Found a blossoming altar of Fedhas.
  3505 | D:3      | Reached XP level 5. HP: 45/45 MP: 7/7
  3540 | D:3      | Reached ** piety under Lugonu
  4134 | D:4      | Reached skill level 1 in Dodging
  4210 | D:4      | Reached XP level 6. HP: 25/52 MP: 6/8
  4400 | D:4      | Found a deep blue altar of Sif Muna.
  4805 | D:5      | Entered Level 5 of the Dungeon
  5322 | D:5      | Reached XP level 7. HP: 45/59 MP: 9/9
  5421 | D:5      | Found a shattered altar of Ashenzari.
  5425 | D:5      | Saw a vision of the Shoals and the Spider Nest.
  5425 | D:5      | Noticed a merfolk
  5425 | D:5      | Noticed a sea snake
  5425 | D:5      | Noticed a merfolk
  5425 | D:5      | Noticed a hippogriff
  5425 | D:5      | Noticed a merfolk
  5425 | D:5      | Noticed a sea snake
  5425 | D:5      | Noticed a sea snake
  5425 | D:5      | Noticed a merfolk
  5425 | D:5      | Noticed a merfolk
  5425 | D:5      | Noticed a redback
  5425 | D:5      | Noticed a redback
  5425 | D:5      | Noticed a wolf spider
  5425 | D:5      | Noticed a redback
  5427 | D:5      | Noticed a hippogriff
  5427 | D:5      | Noticed a redback
  5589 | D:5      | Found a staircase to the Ecumenical Temple.
  5700 | D:5      | Found a burning altar of Makhleb.
  6071 | D:6      | Reached *** piety under Lugonu
  6448 | D:6      | Engulfed by a cloud of freezing vapour

Skill      XL: |  1  2  3  4  5  6  7 |
---------------+----------------------+-----
Axes           | 2 3 4 |  4.9
Armour         | 2 3 4 |  4.3
Invocations    | 3 4 |  4.3
Dodging        | 1 |  1.0
Fighting       | 4 |  4.1

Action                   |  1- 3 |  4- 6 |  7- 9 || total
-------------------------+-------+-------+-------++-------
Melee: Hand axe          |    77 |     4 |       ||    81
       Kick              |    13 |    37 |    20 ||    70
       War axe           |       |   220 |    69 ||   289
       Spear             |       |       |     6 ||     6
Invok: Depart the Abyss  |     1 |       |       ||     1
  Use: Scroll            |     4 |    12 |       ||    16
       Potion            |       |     5 |     1 ||     6
  Eat: Ration            |     1 |     1 |       ||     2
       Chunk             |       |     5 |     3 ||     8
Armor: Chain mail        |    51 |   233 |    64 ||   348
Dodge: Dodged            |    26 |    60 |    27 ||   113
